 Dungeon Crawl Stone Soup version 0.31-b1-17-gcfd88c8481 (webtiles) character file.

Game seed: 11146479315368757009

99824 groovy9 the Eclecticist (level 15, -9/84 HPs)
             Began as a Deep Elf Conjurer on Jan 15, 2024.
             Was the Champion of Vehumet.
             Shot with an arrow by a centaur warrior (22 damage)
             ... on level 2 of the Shoals.
             The game lasted 02:14:53 (30045 turns).

groovy9 the Eclecticist (Deep Elf Conjurer)        Turns: 30045, Time: 02:14:53

Health: -9/84      AC: 13    Str:  4    XL:     15   Next: 78%
Magic:  18/59      EV: 16    Int: 40    God:    Vehumet [******]
Gold:   735        SH:  5    Dex: 13    Spells: 28/54 levels left

rFire   . . .        R - +11 quarterstaff "Goumij" {flame, MP+9 Int+3 SInv Stlth+}
rCold   . . .        (shield currently unavailable)
rNeg    + . .        g - +2 robe {Will+}
rPois   .            C - +1 hat {Int+3}
rElec   +            v - +2 cloak
rCorr   +            V - +1 pair of gloves of Yga Huga {+Blink rC- rCorr}
SInv    +            L - +1 pair of boots
Will    ++...        d - amulet "Hubled" {Reflect Harm rN+ SH+5}
Stlth   ++++++       U - ring of Yendor {rElec MP+9 Int+3 Stlth+}
HPRegen 0.34/turn    u - ring of protection from cold
MPRegen 0.36/turn

%: harm (+30% outgoing, +20% incoming), reflection
@: studying Armour
A: no striking features
a: Renounce Religion, Evoke Blink


You were on level 2 of the Shoals.
You worshipped Vehumet.
Vehumet was exalted by your worship.
You visited 5 branches of the dungeon, and saw 23 of its levels.
You also visited: Sewer and Bailey.

You collected 2988 gold pieces.
You spent 2253 gold pieces at shops.

Inventory:

Hand Weapons
 R - the +11 quarterstaff "Goumij" (weapon) {flame, MP+9 Int+3 SInv Stlth+}
   (You bought it in a shop on level 1 of the Orcish Mines)

   Int+3:     It affects your intelligence (+3).
   MP+9:      It affects your magic capacity (+9).
   SInv:      It lets you see invisible.
   Stlth+:    It makes you more stealthy.
Armour
 b - a +2 robe of cold resistance
 g - a +2 robe of willpower (worn)
 v - a +2 cloak (worn)
 C - a +1 hat of intelligence (worn)
 I - a +2 pair of gloves of stealth
 L - a +1 pair of boots (worn)
 V - the +1 pair of gloves of Yga Huga (worn) {+Blink rC- rCorr}
   (You acquired it on level 5 of the Lair of Beasts)

   rC-:       It makes you vulnerable to cold.
   +Blink:    It lets you blink.
   rCorr:     It protects you from acid and corrosion.
Jewellery
 d - the amulet "Hubled" (around neck) {Reflect Harm rN+ SH+5}
   (You acquired it on level 4 of the Dungeon)

   [amulet of reflection]

   Reflect:   It reflects blocked missile attacks.
   rN+:       It protects you from negative energy.
   SH+5:      It affects your SH (+5).
   Harm:      It increases damage dealt and taken.
 l - a ring of poison resistance
 n - an amulet of the acrobat
 u - a ring of protection from cold (right hand)
 U - the ring of Yendor (left hand) {rElec MP+9 Int+3 Stlth+}
   (You took it off a necromancer on level 5 of the Lair of Beasts)

   [ring of magical power]

   Int+3:     It affects your intelligence (+3).
   rElec:     It insulates you from electricity.
   MP+9:      It affects your magic capacity (+9).
   Stlth+:    It makes you more stealthy.
Wands
 y - a wand of roots (33)
 z - a wand of paralysis (11)
 Q - a wand of acid (7)
Scrolls
 a - 3 scrolls of butterflies
 c - 3 scrolls of immolation
 e - 2 scrolls of identify
 p - 6 scrolls of teleportation
 r - a scroll of fog
 A - 3 scrolls of silence
 B - 5 scrolls of enchant weapon
 G - 3 scrolls of blinking
 J - 3 scrolls of amnesia
 M - 3 scrolls of poison
 N - 3 scrolls of enchant armour
 O - 2 scrolls of fear
Potions
 f - a potion of attraction
 h - 3 potions of enlightenment
 j - 5 potions of heal wounds
 s - 3 potions of haste
 w - a potion of mutation
 D - 4 potions of curing
Miscellaneous
 E - a lightning rod (4/4)


   Skills:
 + Level 6.4 Fighting
 - Level 0.1(1.0) Maces & Flails
 - Level 2.2(2.3) Staves
 + Level 5.3 Armour
 + Level 9.6 Dodging
 - Level 10.0 Stealth
 + Level 20.0 Spellcasting
 + Level 12.3 Conjurations
 - Level 10.0 Translocations
 + Level 11.6 Fire Magic
 - Level 10.0 Alchemy
 * Level 4.4 Evocations


You had 28 spell levels left.
You knew the following spells:

 Your Spells              Type           Power      Damage    Failure   Level
a - Magic Dart            Conj           100%       1d8       0%          1
b - Searing Ray           Conj           100%       2d8       0%          2
c - Iskenderun's Mystic   Conj/Tloc      92%        2d18      1%          4
d - Fireball              Conj/Fire      47%        3d19      1%          5
e - Passwall              Erth           40%        N/A       1%          3
f - Fulminant Prism       Conj/Alch      46%        3d21      1%          4
g - Orb of Destruction    Conj           47%        9d12      1%          7

Your spell library contained the following spells:

 Spells                   Type           Power      Damage    Failure   Level
 Freezing Cloud           Conj/Ice/Air   32%        6-21      1%          5
 Shock                    Conj/Air       100%       1d9       1%          1
 Call Imp                 Summ           80%        N/A       1%          2
 Cigotuvi's Dreadful Rot  Necr/Alch/Air  100%       N/A       1%          2
 Ensorcelled Hibernation  Hex/Ice        80%        N/A       1%          2
 Sublimation of Blood     Necr           40%        N/A       1%          2
 Gell's Gravitas          Tloc           88%        N/A       1%          3
 Summon Ice Beast         Ice/Summ       40%        N/A       1%          3
 Swiftness                Air            40%        N/A       1%          3
 Teleport Other           Tloc           88%        N/A       1%          3
 Airstrike                Air            20%        2d(3-19)  1%          4
 Ignite Poison            Fire/Alch      91%        N/A       1%          4
 Sticky Flame             Fire/Alch      91%        2d14      1%          4
 Dispersal                Tloc           44%        N/A       1%          6
 Cause Fear               Hex            20%        N/A       6%          4
 Dispel Undead            Necr           40%        3d16      6%          4
 Martyr's Knell           Necr/Summ      40%        N/A       6%          4
 Ignition                 Fire           46%        3d13      10%         8
 Summon Mana Viper        Hex/Summ       40%        N/A       17%         5
 Death Channel            Necr           20%        N/A       67%         6
 Monstrous Menagerie      Summ           20%        N/A       99%         7
 Summon Hydra             Summ           20%        N/A       99%         7
 Dragon's Call            Summ           20%        N/A       100%        9


Dungeon Overview and Level Annotations

Branches:
Dungeon (13/15)            Temple (1/1) D:5            Lair (5/5) D:11
 Shoals (2/4) Lair:3        Snake (0/4) Lair:3        Slime (0/5) Lair:5
    Orc (2/2) D:9             Elf (0/3) Orc:2        Vaults (0/5) D:13
  Sewer (visited)          Bailey (visited)

Altars:
Ashenzari
Cheibriados
Dithmenos
Elyvilon
Fedhas
Gozag
Hepliaklqana
Kikubaaqudgha
Makhleb
Nemelex Xobeh
Okawaru
Qazlal
Ru
Sif Muna
Trog
Uskayaw
Vehumet
Wu Jian
Xom
Yredelemnul
Zin
The Shining One
Jiyva

Shops:
D:2 *   D:5 *   D:7 =   D:10 [*=(:   Orc:1 (   Orc:2 (:?*

Portals:
Abyss: Lair:4

Annotations:
D:13 1 exclusion


Message History

The snapping turtle bites you from afar!
Casting: Searing Ray (safe; 0% risk of failure)
Confirm with . or Enter, or press ? or * to list all spells.
You erupt in a blast of force!
The mystic blast hits the merfolk impaler.
The merfolk impaler is lightly wounded.
The merfolk impaler is knocked back by the mystic blast.
The mystic blast hits the snapping turtle!
The snapping turtle is severely wounded.
The snapping turtle is knocked back by the mystic blast.
You hear a shout!
Casting: Iskenderun's Mystic Blast (safe; 1% risk of failure)
Confirm with . or Enter, or press ? or * to list all spells.
Aiming: Searing Ray (safe; 0% risk of failure)
Press: ? - help, Shift-Dir - straight line, f/p - snapping turtle
Aim: a snapping turtle (severely wounded, 94% to hit)
The searing ray hits the snapping turtle!
The snapping turtle is almost dead. (Press . to maintain the ray.)
The searing ray hits the snapping turtle!
You kill the snapping turtle!
Vehumet accepts your kill.
Casting: Searing Ray (safe; 0% risk of failure)
Confirm with . or Enter, or press ? or * to list all spells.
You erupt in a blast of force!
The mystic blast hits the merfolk impaler!
The merfolk impaler is moderately wounded.
The merfolk impaler is knocked back by the mystic blast.
The centaur warrior wields a +0 orcbow.
The centaur warrior shoots an arrow.
The arrow hits you!
The centaur warrior shoots an arrow.
The arrow closely misses you.
The centaur warrior shoots an arrow.
You block the arrow with an invisible shield... and reflect it back!
The arrow hits the centaur warrior!
The centaur warrior shoots an arrow.
The arrow hits you!
* * * LOW HITPOINT WARNING * * *
Okay, then.
As you read the scroll of fog, it dissolves into smoke.
The centaur warrior shoots an arrow.
The arrow hits you!!
You die...

#........ #~.......
#~~...... #~.......
~t~~~ #~....... .~~~~
#######........ #.~~~
~~~~~~§§§...... ##..~~
~~~~~.§@# ####.E~)c
..~~~~§§# ##....()))
...~~§~.# #..H~~~~)~
...~~~~.# ##.~~~)~)~
....~≈~.## ##.~~~~~~~~
....≈≈≈..#####..~~~~~~~~
....~≈~.c.##....~~~~~~~~
.....~~...†...~~E~≈~~~~~
....~~~.~~~m..~~~~≈~~~~~


You could see a centaur warrior.

Vanquished Creatures
  2 orc warlords (Orc:2)
  3 dire elephants (Lair:5)
  The ghost of HunfridMar the Eclecticist, a journeyman DECj of Vehumet (Lair:4)
  A merfolk impaler (Shoals:2)
  The ghost of Zusoliwk the Skirmisher, a journeyman CeHu of Okawaru (Lair:1)
  6 hydras
  A rakshasa (Lair:4)
  5 centaur warriors
  8 vault guards (D:13)
  Erica (D:11)
  3 two-headed ogres
  A boulder beetle (Lair:5)
  3 death yaks (Lair:5)
  An orc high priest (Orc:2)
  Urug (Lair:5)
  A wretched star (Lair:4)
  A sun demon (Lair:4)
  A spriggan (Lair:4)
  Nergalle (D:12)
  3 skysharks
  Lodul (D:12)
  A spectral death yak (Lair:5)
  A sixfirhy (Lair:4)
  2 sea snakes
  A spectral anaconda (Lair:5)
  Pikel (D:9)
  A lindwurm (Lair:2)
  An obsidian statue (Lair:5)
  4 necromancers (Lair:5)
  3 orc sorcerers (Orc:2)
  A faun (Shoals:1)
  10 orc knights
  A salamander (Lair:3)
  A wolf spider (Lair:2)
  3 ugly things
  7 cyclopes
  Maurice (D:7)
  A merfolk siren (Shoals:2)
  3 manticores
  13 elephants (Lair:5)
  2 black mambas
  4 kobold blastminers
  A dire elephant zombie (Lair:5)
  The ghost of middlethird the Changeling, a novice VSSh of Cheibriados (D:7)
  8 cane toads
  Jeremiah (D:6)
  A kobold demonologist (D:10)
  2 rime drakes
  8 komodo dragons
  2 ice devils (Lair:1)
  A red devil (Lair:4)
  6 trolls
  8 merfolk
  A wind drake (Shoals:2)
  4 polar bears
  A wind drake (shapeshifter) (Lair:4)
  6 saltlings (Orc:2)
  3 hornets
  A raiju (Lair:4)
  20 blink frogs
  3 snapping turtles
  A spectral elephant (Lair:5)
  13 slime creatures
  2 water elementals
  4 wraiths
  57 yaks
  2 vampires (D:12)
  3 wyverns
  4 basilisks
  Eustachio (D:6)
  7 wargs
  2 humans (D:10)
  2 steam dragons
  2 vampire mosquitoes (D:10)
  3 nagas (Lair:3)
  14 water moccasins
  An acid dragon (D:9)
  An ice beast (D:7)
  A sky beast (D:6)
  15 orc warriors
  A black bear (D:5)
  An elephant zombie (Lair:5)
  30 wolves
  6 centaurs
  12 ogres
  3 lemures (D:9)
  An elephant skeleton (Lair:5)
  9 bullfrogs
  13 kobold brigands
  2 scorpions
  8 wights
  11 killer bees
  2 electric eels
  An elephant simulacrum (Lair:5)
  15 howler monkeys
  3 lava snakes (D:7)
  4 hounds (D:5)
  5 bombardier beetles
  A gnoll bouda (D:9)
  15 orc priests
  7 jellies
  Jessica (D:2)
  A sleepcap (D:4)
  An iguana (D:6)
  14 orc wizards
  6 hell rats (Lair:5)
  8 gnolls
  2 river rats (Sewer)
  7 adders
  2 white imps
  6 ribbon worms
  8 dart slugs
  56 orcs
  12 ball pythons
  5 bats
  12 endoplasms
  4 giant cockroaches
  8 goblins
  9 hobgoblins
  13 jackals
  5 quokkas
  A frilled lizard (D:3)
  41 kobolds
  8 rats
701 creatures vanquished.

Vanquished Creatures (collateral kills)
  An orc high priest (Orc:2)
  4 orc knights (Orc:2)
  An orc sorcerer (Orc:2)
  A troll (Orc:2)
  A warg (Orc:2)
  3 orc warriors (Orc:2)
  4 electric eels (D:12)
  2 orc priests (Orc:2)
  A gnoll (D:9)
  13 orcs
  6 kobolds
  A fulminant prism (D:12)
38 creatures vanquished.

Vanquished Creatures (others)
  2 yaks
  An orc warrior (Orc:1)
  A white imp (D:6)
  4 orcs
  A kobold (D:8)
  58 fulminant prisms
67 creatures vanquished.

Grand Total: 806 creatures vanquished

Notes
Turn   | Place    | Note
-------+----------+-------------------------------------------
     0 | D:1      | groovy9 the Deep Elf Conjurer began the quest for the Orb.
     0 | D:1      | Reached XP level 1. HP: 10/10 MP: 6/6
   212 | D:1      | Reached XP level 2. HP: 11/15 MP: 2/8
   661 | D:1      | Learned a level 2 spell: Searing Ray
   677 | D:1      | Reached XP level 3. HP: 20/20 MP: 4/9
  1259 | D:2      | Noticed Jessica
  1261 | D:2      | Killed Jessica
  1262 | D:2      | Reached skill level 1 in Fighting
  1339 | D:2      | Reached XP level 4. HP: 25/25 MP: 6/11
  1452 | D:2      | You fall into a shaft and drop 1 floor!
  1459 | D:3      | Found a hide-covered altar of Uskayaw.
  1836 | D:3      | Found a glowing drain.
  1900 | Sewer    | Entered a sewer
  1914 | Sewer    | Reached skill level 1 in Staves
  2368 | D:3      | Reached skill level 5 in Conjurations
  2368 | D:3      | Reached XP level 5. HP: 29/29 MP: 3/12
  2932 | D:2      | Reached skill level 4 in Spellcasting
  2998 | D:2      | Found Jeudod's General Store.
  4471 | D:4      | Identified a scroll of acquirement
  4473 | D:4      | Acquired the amulet "Hubled" {Reflect Harm rN+ SH+5}
  4519 | D:4      | Reached XP level 6. HP: 35/35 MP: 11/14
  5397 | D:5      | Entered Level 5 of the Dungeon
  5397 | D:5      | Found a stormy altar of Qazlal.
  5692 | D:5      | Noticed a water moccasin
  5712 | D:5      | Killed a water moccasin
  5713 | D:5      | Reached skill level 5 in Spellcasting
  5713 | D:5      | Reached skill level 1 in Translocations
  5713 | D:5      | Reached skill level 1 in Fire Magic
  5713 | D:5      | Reached XP level 7. HP: 40/40 MP: 4/16
  5986 | D:5      | Found a staircase to the Ecumenical Temple.
  6282 | D:5      | Found Hiko's Assorted Antiques.
  6289 | D:5      | Bought a gnarled glowing staff for 264 gold pieces
  6289 | D:5      | Bought a scroll of identify for 44 gold pieces
  6289 | D:5      | Bought a scroll labelled OMIMUNGECU for 22 gold pieces
  7121 | D:6      | Reached skill level 6 in Spellcasting
  7121 | D:6      | Reached XP level 8. HP: 44/44 MP: 13/19
  7244 | Temple   | Entered the Ecumenical Temple
  7253 | Temple   | Became a worshipper of Vehumet
  7272 | D:6      | Found an opulent altar of Gozag.
  7273 | D:6      | Noticed Jeremiah
  7538 | D:6      | Killed Jeremiah
  7539 | D:6      | Reached skill level 7 in Spellcasting
  7687 | D:6      | Noticed Eustachio
  7700 | D:6      | Killed Eustachio
  8124 | D:7      | Noticed Maurice
  8132 | D:7      | Reached skill level 5 in Translocations
  8132 | D:7      | Reached XP level 9. HP: 5/48 MP: 11/22
  8336 | D:7      | Reached skill level 5 in Fire Magic
  8400 | D:7      | Killed Maurice
  8401 | D:7      | Reached skill level 8 in Spellcasting
  8450 | D:7      | Learned a level 4 spell: Iskenderun's Mystic Blast
  8456 | D:7      | Learned a level 5 spell: Fireball
  8766 | D:7      | Found a sacrificial altar of Ru.
  8852 | D:7      | Reached * piety under Vehumet
  8852 | D:7      | Offered knowledge of Freeze by Vehumet.
  8904 | D:7      | Found Beob's Jewellery Emporium.
  8983 | D:7      | Found a runed translucent gate.
  8983 | D:7      | Found a runed translucent gate.
  8984 | D:7      | Found a runed translucent gate.
  8988 | D:7      | Noticed middlethird's ghost (novice VSSh)
  8989 | D:7      | Identified the +10 plate armour "Moerarui" {Harm}
  9014 | D:7      | Reached skill level 9 in Spellcasting
  9852 | D:7      | Killed middlethird's ghost
  9983 | D:7      | Learned a level 3 spell: Passwall
 10024 | D:8      | Reached XP level 10. HP: 53/53 MP: 19/25
 10272 | D:8      | Reached ** piety under Vehumet
 10272 | D:8      | Offered knowledge of Mercury Vapours by Vehumet.
 10275 | D:8      | Reached skill level 10 in Spellcasting
 10533 | D:8      | Found a flagged portal.
 10543 | Bailey   | Entered a bailey
 10716 | Bailey   | Offered knowledge of Scorch by Vehumet.
 10809 | Bailey   | Found a burning altar of Makhleb.
 10968 | D:8      | Learned a level 4 spell: Fulminant Prism
 11472 | D:9      | Reached skill level 1 in Alchemy
 11602 | D:9      | Reached *** piety under Vehumet
 11845 | D:9      | Offered knowledge of Sticky Flame by Vehumet.
 12207 | D:9      | Noticed Pikel
 12224 | D:9      | Killed Pikel
 12225 | D:9      | Reached skill level 11 in Spellcasting
 12225 | D:9      | Reached skill level 10 in Conjurations
 12225 | D:9      | Reached XP level 11. HP: 57/57 MP: 17/28
 12487 | D:9      | Found a staircase to the Orcish Mines.
 12493 | D:9      | Reached **** piety under Vehumet
 12778 | D:10     | Entered Level 10 of the Dungeon
 12787 | D:10     | Found an iron altar of Okawaru.
 12789 | D:10     | Offered knowledge of Inner Flame by Vehumet.
 13104 | D:10     | Found Toys's Jewellery Boutique.
 13146 | D:10     | Found Omiy's Weapon Shoppe.
 13154 | D:10     | Found Fideghod's Book Boutique.
 13154 | D:10     | Noticed a walking frostbound tome
 13159 | D:10     | Noticed a walking frostbound tome
 13221 | D:10     | Found a glowing golden altar of the Shining One.
 13224 | D:10     | Found a shimmering altar of Xom.
 13273 | D:10     | Found a sparkling altar of Nemelex Xobeh.
 13300 | D:10     | Found Lathrur's General Store.
 13311 | D:10     | Bought a +2 pair of gloves of stealth for 322 gold pieces
 13478 | D:10     | Found Bisiq's Antique Armour Emporium.
 13488 | D:10     | Bought a pair of glowing boots for 187 gold pieces
 13836 | D:10     | Found a burning altar of Makhleb.
 13885 | D:11     | Noticed a centaur warrior
 13889 | D:11     | Killed a centaur warrior
 13900 | D:11     | Noticed Erica
 14017 | D:11     | Killed Erica
 14018 | D:11     | Reached skill level 12 in Spellcasting
 14106 | D:11     | Noticed a two-headed ogre
 14112 | D:11     | Killed a two-headed ogre
 14113 | D:11     | Reached skill level 5 in Alchemy
 14384 | D:11     | Noticed a green ugly thing
 14392 | D:11     | Killed a green ugly thing
 14959 | D:11     | Found a staircase to the Lair.
 15311 | D:12     | Reached skill level 10 in Translocations
 15311 | D:12     | Reached XP level 12. HP: 50/62 MP: 13/30
 15469 | D:12     | Reached skill level 10 in Fire Magic
 15579 | D:12     | Reached skill level 13 in Spellcasting
 15603 | D:12     | Noticed Lodul
 15976 | D:12     | Killed Lodul
 16303 | D:12     | Reached ***** piety under Vehumet
 16303 | D:12     | Offered knowledge of Airstrike by Vehumet.
 16304 | D:12     | Reached skill level 14 in Spellcasting
 16735 | D:12     | Noticed Nergalle
 16742 | D:12     | Killed Nergalle
 16831 | D:12     | Identified the +3 chain mail of Card Tricks {Int+4}
 17273 | Orc:1    | Entered Level 1 of the Orcish Mines
 17534 | Orc:2    | Entered Level 2 of the Orcish Mines
 17765 | Orc:2    | Noticed a two-headed ogre
 17783 | Orc:2    | Killed a two-headed ogre
 17927 | Orc:2    | Reached skill level 10 in Alchemy
 18037 | Orc:2    | Reached skill level 15 in Spellcasting
 18345 | Orc:1    | Offered knowledge of Brom's Barrelling Boulder by Vehumet.
 18516 | Orc:1    | Found Amput's Weapon Boutique.
 19025 | Orc:2    | Noticed an orc warlord
 19028 | Orc:2    | Reached XP level 13. HP: 66/66 MP: 20/34
 19032 | Orc:2    | Reached skill level 16 in Spellcasting
 19317 | Orc:2    | Reached skill level 17 in Spellcasting
 19325 | Orc:2    | Noticed an orc warlord
 19474 | Orc:2    | Killed an orc warlord
 19502 | Orc:2    | Reached skill level 18 in Spellcasting
 19645 | Orc:2    | Found a staircase to the Elven Halls.
 19801 | Orc:1    | Bought the +11 quarterstaff "Goumij" {flame, MP+9 Int+3
                  | SInv Stlth+} for 1414 gold pieces
 19980 | Orc:2    | Found Ezxucefick's Antique Weapon Emporium.
 19998 | Orc:2    | Found Rutimit's Magic Scroll Shop.
 20000 | Orc:2    | Found Uriesoel's Book Shop.
 20100 | Orc:2    | Found Wyghut Wocu's General Store.
 20130 | Orc:2    | Reached skill level 5 in Stealth
 20310 | Orc:2    | Killed an orc warlord
 20311 | Orc:2    | Reached skill level 5 in Dodging
 20555 | Lair:1   | Entered Level 1 of the Lair of Beasts
 20722 | Lair:1   | Offered knowledge of Orb of Destruction by Vehumet.
 20731 | Lair:1   | Learned a level 7 spell: Orb of Destruction
 21144 | Lair:1   | Found a runed translucent door.
 21149 | Lair:1   | Noticed Zusoliwk's ghost (journeyman CeHu)
 21164 | Lair:1   | Killed Zusoliwk's ghost
 21923 | Lair:2   | Reached XP level 14. HP: 75/75 MP: 38/38
 23419 | Lair:3   | Reached skill level 19 in Spellcasting
 24106 | Lair:3   | Found a staircase to the Snake Pit.
 24397 | Lair:3   | Found a staircase to the Shoals.
 25041 | Lair:4   | Identified the +5 broad axe of Diet Blood {vamp, rPois
                  | Int+6}
 25385 | Lair:4   | Found a transporter.
 25410 | Lair:4   | Found a one-way gate to the infinite horrors of the Abyss.
 25410 | Lair:4   | Noticed HunfridMar's ghost (journeyman DECj)
 25413 | Lair:4   | Found a transporter.
 25637 | Lair:4   | Offered knowledge of Yara's Violent Unravelling by Vehumet.
 25638 | Lair:4   | Reached skill level 5 in Fighting
 25642 | Lair:4   | Killed HunfridMar's ghost
 25738 | Lair:5   | Entered Level 5 of the Lair of Beasts
 25757 | Lair:5   | Noticed Urug
 25771 | Lair:5   | Killed Urug
 25772 | Lair:5   | Reached skill level 1 in Armour
 26730 | Lair:5   | Reached XP level 15. HP: 82/82 MP: 40/40
 26802 | Lair:5   | Found a staircase to the Slime Pits.
 26802 | Lair:5   | Found a viscous altar of Jiyva.
 27551 | Lair:5   | Identified the ring of Yendor {rElec MP+9 Int+3 Stlth+}
 27723 | Lair:5   | Acquired the +1 pair of gloves of Yga Huga {+Blink rC-
                  | rCorr}
 28458 | D:13     | Reached skill level 1 in Evocations
 28478 | D:13     | Reached ****** piety under Vehumet
 28628 | D:13     | Found a gate to the Vaults.
 28832 | D:13     | Reached skill level 10 in Stealth
 29893 | Shoals:1 | Entered Level 1 of the Shoals
 29936 | Shoals:1 | Reached skill level 5 in Armour
 29979 | Shoals:1 | You fall into a shaft and drop 1 floor!
 29986 | Shoals:2 | Offered knowledge of Freezing Cloud by Vehumet.
 30003 | Shoals:2 | Reached skill level 20 in Spellcasting
 30045 | Shoals:2 | Shot with an arrow by a centaur warrior

Illustrated notes

Levels and vault maps discovered:
D:1:      scummos_arrival_hexagon, layout_loops_ring, st_stairs_9,
          chequers_serial_rivers_small_3
D:2:      minmay_angry_zag, layout_basic, serial_shops, nicolae_shop_tiny_glass,
          reono_crystal_passage, st_stairs_11, uniq_jessica
D:3:      layout_basic, amcnicky_altar_gilded, cheibrodos_sewer_entry_drain
D:4:      layout_loops_ring, hex_medium, kennysheep_path_1,
          kennysheep_generic_room_12
D:5:      layout_layer_cave, nicolae_qazlal_scattered_showers,
          minmay_temple_entry_from_below_b, serial_shops, shop,
          nrook_mini_backslash
D:6:      layout_rooms, mainiacjoe_overflow_alcove_1, uniq_eustachio,
          uniq_jeremiah
D:7:      layout_rooms, nicolae_ru_sacrificial_ziggurat,
          biasface_ghost_orc_armoury, minivault_11, nicolae_inconvenience_store,
          mrwooster_statue_mirror, minmay_holes, uniq_maurice
D:8:      layout_loops_ring, enter_bailey_2, nicolae_letterblocks
          [nicolae_letter_subblock, nicolae_letter_subblock,
          nicolae_letter_subblock, nicolae_letter_subblock,
          nicolae_letter_subblock, nicolae_letter_subblock,
          nicolae_letter_subblock, nicolae_letter_subblock,
          nicolae_letter_subblock, nicolae_letter_subblock,
          nicolae_letter_subblock, nicolae_letter_subblock,
          nicolae_letter_subblock, nicolae_letter_subblock,
          nicolae_letter_subblock, nicolae_letter_subblock,
          nicolae_letter_subblock, nicolae_letter_subblock,
          nicolae_letter_subblock, nicolae_letter_subblock,
          nicolae_letter_subblock, nicolae_letter_subblock,
          nicolae_letter_subblock, nicolae_letter_subblock,
          nicolae_letter_subblock]
D:9:      layout_layer_cave, minmay_orc_entry_guard_dogs, uniq_pikel
D:10:     layout_loops_ring, okawaru_humans, kennysheep_mini,
          nicolae_overflow_hidden_temple, serial_shops, nicolae_shop_peninsula,
          nicolae_shop_hallway_plus, nicolae_shop_mannequins,
          nicolae_shop_tiny_statue_garden, nicolae_shop_scrapyard
D:11:     layout_rooms, david_lair_shrubbed, minmay_rotating_lava, uniq_erica
D:12:     layout_basic, uniq_lodul, uniq_nergalle
D:13:     layout_big_octagon, erik_vaults_2, nooodl_orcs_dogs
Temple:   dshaligram_water_room_temple
Lair:1:   layout_hall_layers, portal_ice_cave_demonic_guard,
          ebering_ghost_reflecting_pool, lemuel_fruit_tree
Lair:2:   layout_cave_pods, nicolae_lair_run_with_the_wolves
Lair:3:   layout_hall_layers, minmay_shoals_entry_hut,
          alex1729_snake_entry_snake
Lair:4:   layout_regular_city, gammafunk_ghost_abyssal_escape
Lair:5:   due_jungle_book, layout_regular_city, nicolae_slime_entry_slimehenge,
          serial_bayou_shore_b, uniq_urug
Shoals:1: layout_shoals, uniq_jorgrun
Shoals:2: layout_shoals, serial_shops, shop, nicolae_shoals_kraken_party
Orc:1:    layout_caves, serial_shops, shop
Orc:2:    hellmonk_orc_salted, layout_caves, lightli_church_of_beogh

Skill      XL: |  1  2  3  4  5  6  7  8  9 10 11 12 13 14 15 |
---------------+----------------------------------------------+-----
Stealth        | 3 4 6 9 10 | 10.0
Fighting       | 1 2 3 5 6 |  6.4
Dodging        | 3 4 6 8 9 |  9.6
Staves         | 1 2 |  2.2
Conjurations   | 5 6 7 8 10 11 12 | 12.3
Spellcasting   | 4 5 6 7 9 11 12 15 18 19 20 | 20.0
Translocations | 1 3 5 6 8 10 | 10.0
Fire Magic     | 1 2 4 6 8 9 10 11 | 11.6
Alchemy        | 2 6 10 | 10.0
Armour         | 2 5 |  5.3
Evocations     | 4 |  4.4
Maces & Flails | |  0.1

Action                     |  1- 3 |  4- 6 |  7- 9 | 10-12 | 13-15 || total
---------------------------+-------+-------+-------+-------+-------++-------
  Melee: Quarterstaff      |       |     1 |       |       |     1 ||     2
         Staff             |       |       |     3 |       |       ||     3
   Cast: Magic Dart        |    51 |   147 |    89 |   196 |   110 ||   593
         Searing Ray       |     6 |    33 |    51 |    99 |   129 ||   318
         Iskenderun's Myst |       |       |    10 |   109 |   219 ||   338
         Fireball          |       |       |       |    47 |   108 ||   155
         Fulminant Prism   |       |       |       |    14 |    45 ||    59
    Use: Scroll            |       |     9 |     7 |     9 |     9 ||    34
         Potion            |       |       |       |     3 |     5 ||     8
 Armour: Robe              |    10 |    16 |    37 |    67 |    41 ||   171
  Dodge: Dodged            |    18 |    16 |    38 |    50 |    36 ||   158
  Block: Other             |       |     3 |     3 |       |    14 ||    20
         Reflection        |       |       |     1 |       |     5 ||     6
